ITL
RICHMOND FLAIRS @ AMARILLO ARCHDUKES
06/27/2026
 
TOP OF THE 1ST
Richmond Flairs batting - Pitching for Amarillo Archdukes : RHP Nick Parks
Pitching: RHP Nick Parks
Batting: RHB Jared Thompson 0-0: Swinging Strike
0-1: Ball
1-1: Ball
2-1: SINGLE (Groundball, 56D)
Batting: RHB R.J. Crosby 0-0: Ball
Jared Thompson is caught stealing 2nd base
1-0: Called Strike
1-1: Ground out 5-3 (Groundball, 56)
Batting: LHB Frank Geddes 0-0: Called Strike
0-1: Foul Ball, location: 2F
0-2: Ball
1-2: Foul Ball, location: 2F
1-2: Strikes out swinging
Top of the 1st over - 0 run(s), 1 hit(s), 0 error(s), 0 left on base; Richmond 0 - Amarillo 0
BOTTOM OF THE 1ST
Amarillo Archdukes batting - Pitching for Richmond Flairs : RHP Lorenzo Aguilar
Pitching: RHP Lorenzo Aguilar
Batting: RHB Mitsuoki Taguchi 0-0: Ball
1-0: Called Strike
1-1: Ball
2-1: Fly out, F3 (Popup, 23F)
Batting: SHB António De La Cruz 0-0: Called Strike
0-1: Ball
1-1: Foul Ball, location: 2F
1-2: Foul Ball, location: 2F
1-2: Foul Ball, location: 2F
1-2: Strikes out looking
Batting: LHB Chris Pryor 0-0: Called Strike
0-1: Ball
1-1: Ball
2-1: Ball
3-1: SINGLE (Groundball, 3D)
Batting: RHB Tim Chambers 0-0: Foul Ball, location: 2F
0-1: Ball
1-1: Foul Ball, location: 2F
1-2: Foul Ball, location: 2F
1-2: SINGLE (Line Drive, 7LS)
Chris Pryor to second
Batting: LHB Howard Lambert 0-0: Called Strike
0-1: Ball
1-1: Called Strike
1-2: Strikes out looking
Bottom of the 1st over - 0 run(s), 2 hit(s), 0 error(s), 2 left on base; Richmond 0 - Amarillo 0
TOP OF THE 2ND
Richmond Flairs batting - Pitching for Amarillo Archdukes : RHP Nick Parks
Batting: RHB Elliott Johnston 0-0: Ball
1-0: Foul Ball, location: 2F
1-1: Foul Ball, location: 2F
1-2: Ball
2-2: Ball
3-2: Fly out, F9 (Flyball, 9D)
Batting: LHB Sean Nicks 0-0: Foul Ball, location: 2F
0-1: Foul Ball, location: 2F
0-2: Ball
1-2: Foul Ball, location: 2F
1-2: Foul Ball, location: 2F
1-2: TRIPLE (Line Drive, 8RD)
Batting: RHB Alberto Hernández 0-0: Called Strike
0-1: Fly out, F4 (Popup, 34)
Batting: LHB Luis Villa 0-0: Called Strike
0-1: Ball
1-1: Ball
2-1: DOUBLE (Flyball, 78D)
Sean Nicks scores
Batting: RHB Tom Carey 0-0: Called Strike
0-1: Ball
1-1: Ground out 6-3 (Groundball, 6)
Top of the 2nd over - 1 run(s), 2 hit(s), 0 error(s), 1 left on base; Richmond 1 - Amarillo 0
BOTTOM OF THE 2ND
Amarillo Archdukes batting - Pitching for Richmond Flairs : RHP Lorenzo Aguilar
Batting: RHB Jorge Espinosa 0-0: Called Strike
0-1: Foul Ball, location: 2F
0-2: Ball
1-2: Foul Ball, location: 2F
1-2: Ground out 4-3 (Groundball, 4)
Batting: RHB Ronald Parsons 0-0: Called Strike
0-1: Foul Ball, location: 2F
0-2: Ball
1-2: Ball
2-2: Strikes out swinging
Batting: RHB José Tamayo 0-0: Called Strike
0-1: Ball
1-1: Ball
2-1: Ball
3-1: Base on Balls
Batting: RHB Mark Roy 0-0: Called Strike
0-1: Swinging Strike
0-2: Foul Ball, location: 2F
0-2: Ball
1-2: Ball
2-2: Strikes out looking
Bottom of the 2nd over - 0 run(s), 0 hit(s), 0 error(s), 1 left on base; Richmond 1 - Amarillo 0
TOP OF THE 3RD
Richmond Flairs batting - Pitching for Amarillo Archdukes : RHP Nick Parks
Batting: RHB Armando González 0-0: Ball
1-0: DOUBLE (Line Drive, 8LM)
Batting: RHB Jared Thompson 0-0: Ball
1-0: Fly out, F9 (Flyball, 89D)
Runner from 2nd tags up, SAFE at 3rd, no throw
Batting: RHB R.J. Crosby 0-0: Called Strike
0-1: Foul Ball, location: 2F
0-2: DOUBLE (Line Drive, 9D)
Armando González scores
Batting: LHB Frank Geddes 0-0: Called Strike
0-1: Swinging Strike
0-2: Ball
1-2: Strikes out swinging
Batting: RHB Elliott Johnston 0-0: Fly out, F3 (Popup, 3F)
Top of the 3rd over - 1 run(s), 2 hit(s), 0 error(s), 1 left on base; Richmond 2 - Amarillo 0
BOTTOM OF THE 3RD
Amarillo Archdukes batting - Pitching for Richmond Flairs : RHP Lorenzo Aguilar
Batting: RHB Mitsuoki Taguchi 0-0: Ball
1-0: Ball
2-0: Ball
3-0: Called Strike
3-1: Base on Balls
Batting: SHB António De La Cruz 0-0: Called Strike
0-1: Ball
1-1: Foul Ball, location: 2F
1-2: Ball
2-2: Ball
3-2: Foul Ball, location: 2F
3-2: Foul Ball, location: 2F
3-2: Base on Balls
Mitsuoki Taguchi to second
Batting: LHB Chris Pryor 0-0: Ball
1-0: Swinging Strike
1-1: SINGLE (Line Drive, 8RS)
Mitsuoki Taguchi to third
António De La Cruz to second
Batting: RHB Tim Chambers 0-0: Ball
1-0: Fly out, F7 (Flyball, 78D)
Runner from 3rd tags up, SCORES, no throw
Batting: LHB Howard Lambert 0-0: Ball
1-0: Ball
2-0: Called Strike
2-1: Swinging Strike
2-2: Ball
3-2: SINGLE (Groundball, 34D)
António De La Cruz to third
Chris Pryor to second
Batting: RHB Jorge Espinosa 0-0: Ball
1-0: Ball
2-0: Ball
3-0: Called Strike
3-1: SINGLE (Groundball, 56)
António De La Cruz scores
Chris Pryor to third
Howard Lambert to second
Runner from 3rd tries for Home, SAFE, throw made home
Howard Lambert to third
Jorge Espinosa to second
Batting: RHB Ronald Parsons 0-0: Fly out, F9 (Flyball, 9D)
Runner from 3rd tags up, SCORES, no throw
Jorge Espinosa to third
Batting: RHB José Tamayo 0-0: Called Strike
0-1: Swinging Strike
0-2: Ball
1-2: Strikes out swinging
Bottom of the 3rd over - 4 run(s), 3 hit(s), 0 error(s), 1 left on base; Richmond 2 - Amarillo 4
TOP OF THE 4TH
Richmond Flairs batting - Pitching for Amarillo Archdukes : RHP Nick Parks
Batting: LHB Sean Nicks 0-0: Ball
1-0: Called Strike
1-1: Ball
2-1: Swinging Strike
2-2: Foul Ball, location: 2F
2-2: SINGLE (Groundball, 3L)
Batting: RHB Alberto Hernández 0-0: Called Strike
0-1: SINGLE (Line Drive, 8RS)
Sean Nicks to second
Batting: LHB Luis Villa 0-0: Foul Ball, location: 2F
0-1: 3-RUN HOME RUN (Line Drive, 9D), Distance : 341 ft
Batting: RHB Tom Carey 0-0: Called Strike
0-1: Swinging Strike
0-2: Ball
1-2: Ball
2-2: Foul Ball, location: 2F
2-2: Foul Ball, location: 2F
2-2: Strikes out looking
Batting: RHB Armando González 0-0: Ball
1-0: Called Strike
1-1: Swinging Strike
1-2: Ball
2-2: Strikes out looking
Batting: RHB Jared Thompson 0-0: Called Strike
0-1: Foul Ball, location: 2F
0-2: Fly out, F3 (Popup, 23)
Top of the 4th over - 3 run(s), 3 hit(s), 0 error(s), 0 left on base; Richmond 5 - Amarillo 4
BOTTOM OF THE 4TH
Amarillo Archdukes batting - Pitching for Richmond Flairs : RHP Lorenzo Aguilar
Batting: RHB Mark Roy 0-0: Ball
1-0: Ball
2-0: Ball
3-0: Base on Balls
Batting: RHB Mitsuoki Taguchi 0-0: Ball
1-0: Foul Ball, location: 2F
1-1: Foul Ball, location: 2F
1-2: Foul Ball, location: 2F
1-2: Ball
2-2: Ball
3-2: Base on Balls
Mark Roy to second
Pitching: RHP Sandro Gonzáles
Batting: SHB António De La Cruz 0-0: Ball
1-0: Foul Ball, location: 2F
1-1: Called Strike
1-2: Foul Ball, location: 2F
1-2: Ball
2-2: Fly out, F6 (Popup, 5)
Batting: LHB Chris Pryor 0-0: Ball
1-0: Foul Ball, location: 2F
1-1: Foul Ball, location: 2F
1-2: Foul Ball, location: 2F
1-2: Ball
2-2: Fielders Choice at 2nd, 1-6 (Groundball, 13S)
Mark Roy to third
Batting: RHB Tim Chambers 0-0: Called Strike
0-1: Ball
1-1: Ball
2-1: Fly out, F4 (Line Drive, 4M)
Bottom of the 4th over - 0 run(s), 0 hit(s), 0 error(s), 2 left on base; Richmond 5 - Amarillo 4
TOP OF THE 5TH
Richmond Flairs batting - Pitching for Amarillo Archdukes : RHP Nick Parks
Batting: RHB R.J. Crosby 0-0: Ball
1-0: Called Strike
1-1: Foul Ball, location: 2F
1-2: Strikes out swinging
Batting: LHB Frank Geddes 0-0: Ball
1-0: Ball
2-0: Called Strike
2-1: Foul Ball, location: 2F
2-2: Ground out 6-3 (Groundball, 6)
Batting: RHB Elliott Johnston 0-0: Ball
1-0: Ground out 4-3 (Groundball, 4M)
Top of the 5th over - 0 run(s), 0 hit(s), 0 error(s), 0 left on base; Richmond 5 - Amarillo 4
BOTTOM OF THE 5TH
Amarillo Archdukes batting - Pitching for Richmond Flairs : RHP Sandro Gonzáles
Batting: LHB Howard Lambert 0-0: Called Strike
0-1: Ball
1-1: Ball
2-1: Ball
3-1: Foul Ball, location: 2F
3-2: SINGLE (Groundball, 3D)
Batting: RHB Jorge Espinosa 0-0: Ball
1-0: Ball
2-0: Called Strike
2-1: Swinging Strike
2-2: Strikes out swinging
Batting: RHB Ronald Parsons 0-0: Ball
Howard Lambert is caught stealing 2nd base
1-0: Called Strike
1-1: Foul Ball, location: 2F
1-2: SOLO HOME RUN (Flyball, 8LXD), Distance : 397 ft
Batting: RHB José Tamayo 0-0: Ball
1-0: Ball
2-0: Ball
3-0: Called Strike
3-1: Swinging Strike
3-2: Foul Ball, location: 2F
3-2: Base on Balls
Batting: RHB Mark Roy 0-0: Ball
1-0: Ball
2-0: Ball
3-0: Base on Balls
José Tamayo to second
Batting: RHB Mitsuoki Taguchi 0-0: Ball
1-0: Called Strike
1-1: Fly out, F8 (Line Drive, 8LS)
Bottom of the 5th over - 1 run(s), 2 hit(s), 0 error(s), 2 left on base; Richmond 5 - Amarillo 5
TOP OF THE 6TH
Richmond Flairs batting - Pitching for Amarillo Archdukes : RHP Nick Parks
Batting: LHB Sean Nicks 0-0: Ball
1-0: Swinging Strike
1-1: Called Strike
1-2: SINGLE (Groundball, 34D)
Batting: RHB Alberto Hernández 0-0: SINGLE (Groundball, 13) (infield hit)
Sean Nicks to second
Batting: LHB Luis Villa 0-0: Ball
1-0: Foul Ball, location: 2F
1-1: Ball
2-1: Foul Ball, location: 2F
2-2: Ball
3-2: Base on Balls
Sean Nicks to third
Alberto Hernández to second
Batting: RHB Tom Carey 0-0: Grounds into double play, 5-2-3 (Groundball, 56)
Alberto Hernández to third
Luis Villa to second
Batting: RHB Armando González 0-0: Ball
1-0: Ball
2-0: Called Strike
2-1: Foul Ball, location: 2F
2-2: 3-RUN HOME RUN (Flyball, 7D), Distance : 351 ft
Pitching: RHP Mike Hodges
Batting: RHB Jared Thompson 0-0: Ball
1-0: Called Strike
1-1: Ball
2-1: Ball
3-1: SINGLE (Groundball, 6D)
Batting: RHB R.J. Crosby 0-0: Ball
1-0: Called Strike
Throwing error on steal attempt, E2
Jared Thompson to third
1-1: Swinging Strike
1-2: Ball
2-2: Ball
3-2: Foul Ball, location: 2F
3-2: Ground out 6-3 (Groundball, 6)
Top of the 6th over - 3 run(s), 4 hit(s), 1 error(s), 1 left on base; Richmond 8 - Amarillo 5
BOTTOM OF THE 6TH
Amarillo Archdukes batting - Pitching for Richmond Flairs : RHP Sandro Gonzáles
Batting: SHB António De La Cruz 0-0: Ball
1-0: Foul Ball, location: 2F
1-1: SINGLE (Groundball, 34D)
Batting: LHB Chris Pryor 0-0: Ball
1-0: Called Strike
1-1: Swinging Strike
1-2: Ball
2-2: Fielders Choice at 2nd, U6 (Groundball, 6M)
Batting: RHB Tim Chambers 0-0: Called Strike
0-1: Foul Ball, location: 2F
0-2: Ball
1-2: Strikes out swinging
Batting: LHB Howard Lambert 0-0: Fly out, F9 (Flyball, 9M)
Bottom of the 6th over - 0 run(s), 1 hit(s), 0 error(s), 1 left on base; Richmond 8 - Amarillo 5
TOP OF THE 7TH
Richmond Flairs batting - Pitching for Amarillo Archdukes : RHP Mike Hodges
Batting: LHB Frank Geddes 0-0: Ball
1-0: Ground out 4-3 (Groundball, 4)
Batting: RHB Elliott Johnston 0-0: Called Strike
0-1: Ball
1-1: Ground out 6-3 (Groundball, 6M)
Batting: LHB Sean Nicks 0-0: Ball
1-0: Ball
2-0: Called Strike
2-1: Foul Ball, location: 2F
2-2: SINGLE (Line Drive, 34D)
Batting: RHB Alberto Hernández 0-0: Called Strike
0-1: Ball
1-1: Swinging Strike
1-2: DOUBLE (Flyball, 9D)
Sean Nicks to third
Batting: LHB Luis Villa 0-0: Swinging Strike
0-1: Swinging Strike
0-2: Strikes out swinging
Top of the 7th over - 0 run(s), 2 hit(s), 0 error(s), 2 left on base; Richmond 8 - Amarillo 5
BOTTOM OF THE 7TH
Amarillo Archdukes batting - Pitching for Richmond Flairs : RHP Sandro Gonzáles
Pitching: RHP Pepe Vázquez
Batting: RHB Jorge Espinosa 0-0: Ball
1-0: Ball
2-0: Ball
3-0: Called Strike
3-1: Swinging Strike
3-2: Fly out, F8 (Flyball, 8LXD)
Batting: RHB Ronald Parsons 0-0: Ball
1-0: Ball
2-0: Ball
3-0: Called Strike
3-1: Swinging Strike
3-2: Strikes out swinging
Batting: RHB José Tamayo 0-0: Ground out 6-3 (Groundball, 6M)
Bottom of the 7th over - 0 run(s), 0 hit(s), 0 error(s), 0 left on base; Richmond 8 - Amarillo 5
TOP OF THE 8TH
Richmond Flairs batting - Pitching for Amarillo Archdukes : RHP Mike Hodges
Pitching: RHP Larry Pérez
Batting: RHB Tom Carey 0-0: Ball
1-0: DOUBLE (Line Drive, 78M)
Batting: RHB Armando González 0-0: Called Strike
0-1: Bunt missed!
0-2: Foul Ball, location: 2F
0-2: Foul Ball, location: 2F
0-2: Ball
1-2: Reached on error, E4 (Groundball, 4)
Tom Carey to third
Batting: RHB Jared Thompson 0-0: Ball
1-0: Called Strike
1-1: Swinging Strike
1-2: Fly out, F9 (Flyball, 9M)
Runner from 3rd tags up, SCORES, throw made
Batting: RHB R.J. Crosby 0-0: Ball
1-0: Ball
2-0: SINGLE (Groundball, 6MD)
Armando González to second
Batting: LHB Frank Geddes 0-0: Called Strike
0-1: Reached on error, E6 (Groundball, 6)
Armando González to third
R.J. Crosby to second
Batting: RHB Elliott Johnston 0-0: Swinging Strike
0-1: Fly out, F9 (Flyball, 89D)
Runner from 3rd tags up, SCORES, no throw
Batting: LHB Sean Nicks 0-0: Ball
1-0: Ball
2-0: Foul Ball, location: 2F
2-1: DOUBLE (Flyball, 78XD)
R.J. Crosby scores
Frank Geddes to third
Batting: RHB Alberto Hernández 0-0: Ball
1-0: Foul Ball, location: 2F
1-1: Ball
2-1: Fly out, F3 (Popup, 3)
Top of the 8th over - 3 run(s), 3 hit(s), 2 error(s), 2 left on base; Richmond 11 - Amarillo 5
BOTTOM OF THE 8TH
Amarillo Archdukes batting - Pitching for Richmond Flairs : RHP Pepe Vázquez
Now at 3B: Guo-xiu Hsueh
Batting: RHB Mark Roy 0-0: Called Strike
0-1: Ball
1-1: DOUBLE (Line Drive, 78D)
Batting: RHB Mitsuoki Taguchi 0-0: Ball
1-0: Fly out, F4 (Popup, 34)
Batting: SHB António De La Cruz 0-0: Called Strike
0-1: Called Strike
0-2: Fly out, F7 (Flyball, 78S)
Batting: LHB Chris Pryor 0-0: Called Strike
0-1: Foul Ball, location: 2F
0-2: Ball
1-2: Ball
2-2: Ground out 1-3 (Groundball, 15)
Bottom of the 8th over - 0 run(s), 1 hit(s), 0 error(s), 1 left on base; Richmond 11 - Amarillo 5
TOP OF THE 9TH
Richmond Flairs batting - Pitching for Amarillo Archdukes : RHP Larry Pérez
Batting: LHB Luis Villa 0-0: Called Strike
0-1: Ball
1-1: Swinging Strike
1-2: Ball
2-2: Foul Ball, location: 2F
2-2: Strikes out swinging
Batting: RHB Tom Carey 0-0: Fly out, F8 (Flyball, 8RM)
Batting: RHB Armando González 0-0: Called Strike
0-1: Foul Ball, location: 2F
0-2: Ball
1-2: Foul Ball, location: 2F
1-2: Ball
2-2: SINGLE (Flyball, 8LS) - OUT at second base trying to stretch hit.
Top of the 9th over - 0 run(s), 1 hit(s), 0 error(s), 0 left on base; Richmond 11 - Amarillo 5
BOTTOM OF THE 9TH
Amarillo Archdukes batting - Pitching for Richmond Flairs : RHP Pepe Vázquez
Batting: RHB Tim Chambers 0-0: Called Strike
0-1: Ball
1-1: Fly out, F7 (Line Drive, 78S)
Batting: LHB Howard Lambert 0-0: Called Strike
0-1: Ball
1-1: Called Strike
1-2: Ball
2-2: Fly out, F7 (Flyball, 78S)
Batting: RHB Jorge Espinosa 0-0: Swinging Strike
0-1: Fly out, F7 (Flyball, 78S)
Bottom of the 9th over - 0 run(s), 0 hit(s), 0 error(s), 0 left on base; Richmond 11 - Amarillo 5
Monday, December 5th, 2016 - OOTP Baseball 17.12 Build 75